 Dungeon Crawl Stone Soup version 0.16-a0-100-g0188e4c (webtiles) character file.

90 Ratboiler the Chopper (level 4, -1/37 HPs)
             Began as a Hill Orc Gladiator on Aug 9, 2014.
             Killed by divine providence
             ... invoked by an orc priest
              (13 damage)
             ... on Level 2 of the Dungeon.
             The game lasted 00:05:58 (1691 turns).

Ratboiler the Chopper (Hill Orc Gladiator)          Turns: 1691, Time: 00:06:00

HP  -1/37        AC 10     Str 17      XL: 4   Next: 56%
MP   4/4         EV  6     Int  8      God:
Gold 71          SH  0     Dex 12      Spells:  0 memorised,  3 levels left

rFire  . . .     SeeInvis .     a - +0 war axe
rCold  . . .     Clarity  .     m - +0 chain mail
rNeg   . . .     rCorr    .     (no shield)
rPois  .         rRot     .     c - +0 helmet
rElec  .         Spirit   .     y - +0 cloak
SustAb .         Warding  .     (no gloves)
rMut   .         Stasis   .     (no boots)
Gourm  .                        (no amulet)
MR     .....                    (no ring)
                                x - ring of wizardry

@: not resistant to hostile enchantments, extremely unstealthy
A: no striking features
a: Convert to Beogh


You were on level 2 of the Dungeon.
You were hungry.

You visited 1 branch of the dungeon, and saw 3 of its levels.

You collected 71 gold pieces.

Inventory:

Hand weapons
 a - a +0 war axe (weapon)
Missiles
 d - 3 throwing nets (quivered)
 q - 20 poisoned sling bullets
 t - 5 tomahawks
 u - 20 poisoned needles
Armour
 b - a +0 leather armour
 c - a +0 helmet (worn)
 m - a +0 chain mail (worn)
 s - a +0 plate armour
 y - a +0 cloak (worn)
Comestibles
 f - 3 meat rations
 g - a fruit
 j - 3 bread rations
 w - a beef jerky
 z - 2 rotting chunks of jackal flesh
Scrolls
 e - 2 scrolls of enchant armour {unknown}
 h - 2 scrolls of teleportation {unknown}
 i - a scroll of remove curse {unknown}
 k - a scroll of magic mapping {unknown}
 o - a scroll of enchant weapon {unknown}
 p - a scroll of recharging {unknown}
 v - a scroll of identify {unknown}
Jewellery
 x - a ring of wizardry (left hand)
Potions
 l - a potion of brilliance {unknown}
 n - a potion of porridge
 r - a potion of might {unknown}
 A - a potion of curing {unknown}


   Skills:
 + Level 2.8 Fighting
 * Level 4.9 Axes
 + Level 2.4 Throwing
 + Level 1.5 Armour
 + Level 3.1 Dodging


You had 3 spell levels left.
You didn't know any spells.

Dungeon Overview and Level Annotations

Branches:
Dungeon (3/15)

Altars:


Message History

You kill the orc!
Your chain mail prevents you from hitting the orc priest.
The orc priest shouts, "Surrender to Beogh and we'll let you live!"
You hit the orc priest.
The orc priest is moderately wounded.
The orc priest looks braver.
The orc priest hits you.
You slash the orc priest!
The orc priest is almost dead.
You closely miss the orc priest.
The orc priest invokes the aid of Beogh against you.
Something smites you! The orc priest barely misses you.
You hit the orc priest but do no damage.
The orc priest is almost dead.
You slash the orc priest!
The orc priest is almost dead.
The orc priest hits you but does no damage.
The orc priest invokes the aid of Beogh against you.
Something smites you!
You die...

##.#####...###%.........#
%....###..[###.#.......##
##.#...#...##..###.#####
#.###.#...#..##...##
#...#)##.##.##.....#
###.#..#...........#
#.##(............#
#.#..#.......o...#
#...###......@...#
#...###.....o.%..#
#.#..######.....##
####...........###########
#...).#...####.# #......#
#.##.####..###.####......#
...<....>................#
.#.......................#
##.#..####.....###########


You could see 2 orc priests.

Vanquished Creatures
  A giant mite (D:1)
  3 adders (D:2)
  A worm (D:2)
  A giant gecko (D:1)
  An orc (D:2)
  7 bats
  A giant cockroach (D:2)
  3 hobgoblins
  8 jackals
  5 kobolds
  A quokka (D:2)
  A ball python (D:2)
  3 giant newts (D:1)
  7 goblins
  3 rats
46 creatures vanquished.

Notes
Turn   | Place    | Note
--------------------------------------------------------------
     0 | D:1      | Ratboiler, the Hill Orc Gladiator, began the quest for the Orb.
     0 | D:1      | Reached XP level 1. HP: 18/18 MP: 1/1
   282 | D:1      | Reached XP level 2. HP: 23/25 MP: 2/2
   585 | D:1      | Reached XP level 3. HP: 28/30 MP: 3/3
   881 | D:2      | Reached skill level 1 in Armour
   993 | D:2      | Reached XP level 4. HP: 23/37 MP: 4/4
  1691 | D:2      | Killed from afar by an orc priest

Action                   |  1- 3 |  4- 6 || total
-------------------------+-------+-------++-------
Melee: War axe           |   118 |    48 ||   166
  Eat: Chunk             |       |     2 ||     2
